 Dungeon Crawl Stone Soup version 0.24.0 (webtiles) character file.

Game seed: 15057404847585455091, levelgen mode: deterministic

116518 Ethylacetat the Metallomancer (level 16, 0/76 HPs)
             Began as a Gargoyle Earth Elementalist on Oct 25, 2019.
             Was a High Priest of Vehumet.
             Slain by a deep elf knight
             ... wielding a +1 scimitar of slicing
              (3 damage)
             ... on level 2 of the Elven Halls.
             The game lasted 02:33:35 (35533 turns).

Ethylacetat the Metallomancer (GrEE)               Turns: 35533, Time: 02:33:35

Health: 0/76       AC: 23    Str: 14    XL:     16   Next: 71%
Magic:  2/35       EV: 12    Int: 21    God:    Vehumet [*****.]
Gold:   1436       SH:  7    Dex: 13    Spells: 18/45 levels left

rFire    + . .     SeeInvis +   l - staff of energy
rCold    + + .     Gourm    .   x - +2 buckler
rNeg     + . .     Faith    .   y - +2 robe {MR+}
rPois    ∞         Spirit   .   h - +1 helmet {SInv}
rElec    +         Reflect  .   Y - scarf {rC+ rF+}
rCorr    .         Harm     .   K - +2 pair of gloves {Dex+3}
MR       ++...                  R - +1 pair of boots
Stlth    ++........             (no amulet)
HPRegen  0.22/turn              M - ring of protection from cold
MPRegen  0.24/turn              I - ring of wizardry

@: flying
A: big wings, negative energy resistance 1, electricity resistance, unbreathing,
petrification resistance, rot immunity, AC +12
a: Stop Flying, Renounce Religion


You were on level 2 of the Elven Halls.
You worshipped Vehumet.
Vehumet was extremely pleased with you.
You were not hungry.

You visited 5 branches of the dungeon, and saw 26 of its levels.
You visited 1 bazaar.

You collected 2878 gold pieces.
You spent 1442 gold pieces at shops.

Inventory:

Missiles
 b - 432 stones (quivered)
 N - a throwing net
Armour
 h - a +1 helmet of see invisible (worn)
 x - a +2 buckler (worn)
 y - a +2 robe of magic resistance (worn)
 K - a +2 pair of gloves of dexterity (worn)
 R - a +1 pair of boots (worn)
 Y - a scarf of resistance (worn)
Magical Staves
 l - an uncursed staff of energy (weapon)
 G - a cursed staff of wizardry
 P - an uncursed staff of poison {unknown}
Jewellery
 I - a ring of wizardry (right hand)
 M - a ring of protection from cold (left hand)
Wands
 c - a wand of scattershot (7)
 F - a wand of paralysis (35)
Scrolls
 a - 19 scrolls of identify
 f - 6 scrolls of blinking
 g - 13 scrolls of remove curse
 i - 4 scrolls of teleportation
 k - 2 scrolls of random uselessness {unknown}
 m - 7 scrolls of magic mapping
 o - 8 scrolls of enchant armour {unknown}
 p - a scroll of summoning {unknown}
 q - 5 scrolls of fog
 s - 7 scrolls of amnesia {unknown}
 t - 4 scrolls of immolation {unknown}
 u - a scroll of vulnerability {unknown}
 z - 7 scrolls of enchant weapon {unknown}
 B - a scroll of brand weapon {unknown}
 E - 3 scrolls of fear
 L - a scroll of noise {unknown}
 Q - 2 scrolls of holy word {unknown}
 T - a scroll of silence
Potions
 e - 3 potions of heal wounds
 j - 10 potions of curing
 n - 3 potions of lignification {unknown}
 r - 4 potions of invisibility
 v - 3 potions of ambrosia {unknown}
 w - 4 potions of mutation
 A - 4 potions of agility
 C - 2 potions of berserk rage {unknown}
 D - 2 potions of magic {unknown}
 J - 2 potions of might {unknown}
 S - a potion of haste {unknown}
 X - 2 potions of cancellation {unknown}
Comestibles
 d - 35 rations


   Skills:
 - Level 1.5 Dodging
 - Level 2.1 Stealth
 - Level 4.0 Shields
 + Level 15.1 Spellcasting
 - Level 3.4 Conjurations
 - Level 0.7 Transmutations
 * Level 24.9 Earth Magic


You had 18 spell levels left.
You knew the following spells:

 Your Spells              Type           Power        Failure   Level  Hunger
a - Sandblast             Erth           ######       0%          1    None
b - Lee's Rapid Deconstr  Erth           #######...   0%          5    None
c - Stone Arrow           Conj/Erth      ######       1%          3    None
d - Petrify               Tmut/Erth      ######..     1%          4    None
e - Shatter               Erth           #######...   1%          9    None
f - Bolt of Magma         Conj/Fire/Erth ######....   1%          5    None

Your spell library contained the following spells:

 Spells                   Type           Power        Failure   Level  Hunger
 Freezing Cloud           Conj/Ice/Air   ###.......   34%         6    None
 Beastly Appendage        Tmut           ###...       1%          1    None
 Corona                   Hex            ###....      1%          1    None
 Shock                    Conj/Air       ###.         1%          1    None
 Sting                    Conj/Pois      ###.         1%          1    None
 Passwall                 Tmut/Erth      ######..     1%          2    None
 Sticks to Snakes         Tmut           ###.....     1%          2    None
 Inner Flame              Hex/Fire       ###.....     1%          3    None
 Mephitic Cloud           Conj/Pois/Air  ###.....     1%          3    None
 Static Discharge         Conj/Air       ###.....     1%          3    None
 Leda's Liquefaction      Hex/Erth       ######....   1%          4    None
 Poisonous Vapours        Pois/Air       ###...       2%          2    None
 Slow                     Hex            ###.....     2%          2    None
 Swiftness                Chrm/Air       ###.....     2%          2    None
 Portal Projectile        Hex/Tloc       ###...       4%          3    None
 Spider Form              Tmut/Pois      ###.......   4%          3    None
 Airstrike                Air            ###.......   4%          4    None
 Olgreb's Toxic Radiance  Pois           ###.....     4%          4    None
 Lightning Bolt           Conj/Air       ###.......   6%          5    None
 Venom Bolt               Conj/Pois      ###.......   6%          5    None
 Ice Form                 Ice/Tmut       ###.....     13%         4    None
 Cause Fear               Hex            ###.......   16%         4    None
 Bolt of Cold             Conj/Ice       ###.......   28%         6    None
 Blade Hands              Tmut           ###.......   30%         5    None
 Metabolic Englaciation   Hex/Ice        ###.......   38%         5    None
 Ozocubu's Refrigeration  Ice            ###.......   47%         6    None
 Simulacrum               Ice/Necr       ###.......   90%         6    None
 Ignition                 Fire           ###.......   100%        8    None
 Tornado                  Air            ###.......   100%        9    None


Dungeon Overview and Level Annotations

Branches:
Dungeon (15/15)            Temple (1/1) D:6            Lair (6/6) D:11
 Shoals (0/4) Lair:2       Spider (0/4) Lair:4        Slime (0/5) Lair:5
    Orc (2/2) D:12            Elf (2/3) Orc:2        Vaults (0/5) D:14
 Depths (0/5) D:15

Altars:
Ashenzari
Cheibriados
Dithmenos
Elyvilon
Fedhas
Gozag
Hepliaklqana
Kikubaaqudgha
Makhleb
Nemelex Xobeh
Okawaru
Qazlal
Ru
Sif Muna
Trog
Uskayaw
Vehumet
Wu Jian
Xom
Yredelemnul
Zin
The Shining One
Beogh
Jiyva

Shops:
D:8 }   D:13 [:%   Orc:1 !   Orc:2 (:[*   Elf:1 *   Elf:2 [=}}

Annotations:
Lair:2 Weugil's ghost, journeyman HaBe


Innate Abilities, Weirdness & Mutations

You are resistant to torment.
Your stone body is resilient. (AC +12)
You are immune to poison.
Your large and strong wings let you fly indefinitely.
You resist negative energy. (rN+)
You are resistant to electric shocks. (rElec)
You can survive without breathing.
You are immune to petrification.
You are immune to rotting.


Message History

Ka-crash!
You hear a shout! x2
The +1 mace of pain hits you.
The deep elf knight hits you with a +1 scimitar of slicing.
The +1 mace of pain closely misses you.
A +1 eveningstar of flaming comes into view.
The deep elf knight barely misses you.
The deep elf knight casts a spell at you.
The shard of ice hits you!! You partially resist.
The +1 mace of pain hits you but does no damage. x2
You block the deep elf knight's attack.
The +1 mace of pain hits you but does no damage.
The +1 mace of pain closely misses you.
The deep elf knight gestures at you while chanting.
The shard of ice hits you!! You partially resist.
* * * LOW HITPOINT WARNING * * *
The deep elf knight is no longer moving quickly.
The +1 mace of pain barely misses you.
The deep elf knight hits you with a +1 scimitar of slicing!
* * * LOW HITPOINT WARNING * * *
You die...

##.## #...#.# #.#.#.
#.######...#.#####.....
#.....................#
######.#####........... #.#
#.####..#.## ##.# #.........##
#####..### #..........#
#........# #.####..##.#
#.#..P@P.# #.# #..##)# #.##)Pe(.#
#.# #..##)# ##.##.PP..###.#
#..##.# ##..##..(...##.# #####.#
####### #.#..).....###.########.#
......# #.........###.....)....#
......####...........###########.
e.....##...........#.# #####.
####..##.###.........# #.....


You could see a deep elf knight (invisible) and 2 dancing weapons.

Vanquished Creatures
  2 orc warlords (Orc:2)
  2 deep elf sorcerers
  A frost giant (D:15)
  A stone giant (Orc:2)
  2 ogre magi
  Josephine (D:10)
  11 hydras
  8 two-headed ogres
  2 centaur warriors
  A death knight (D:15)
  4 death yaks (Lair:4)
  14 dancing weapons
  A tengu warrior (D:15)
  3 orc high priests (Orc:2)
  Sonja (Lair:1)
  A fire crab (Lair:5)
  An unseen horror (D:10)
  6 orc knights
  2 wizards (Elf:1)
  2 deep elf archers
  A phantasmal warrior (D:15)
  Pikel (D:7)
  5 oklob plants
  28 deep elf magi
  A mana viper (shapeshifter) (D:13)
  9 orc sorcerers
  7 ugly things
  An elephant (shapeshifter) (D:14)
  6 black mambas
  Maurice (Orc:1)
  3 cyclopes
  A guardian serpent (shapeshifter) (D:15)
  Psyche (D:8)
  An elephant (D:11)
  10 spiny frogs
  6 rime drakes
  4 freezing wraiths
  12 komodo dragons
  4 yaktaurs (D:15)
  A jumping spider (shapeshifter) (D:15)
  4 polar bears
  5 trolls
  10 blink frogs
  A harpy skeleton (D:15)
  A merfolk (D:13)
  2 hornets
  10 hippogriffs
  8 dream sheep
  3 shadows
  38 yaks
  14 spriggans (Lair:6)
  2 wyverns
  3 fire elementals (Elf:1)
  2 hungry ghosts
  7 wraiths
  2 basilisks (D:11)
  6 vampire mosquitoes
  A steam dragon (Lair:4)
  2 wargs
  An acid dragon (shapeshifter) (D:14)
  13 water moccasins
  10 porcupines
  2 sky beasts
  2 phantoms
  An eye of draining (D:15)
  6 ice beasts
  33 orc warriors
  A slave (D:8)
  5 black bears
  6 boggarts
  2 necrophages
  14 ogres
  38 wolves
  8 centaurs
  11 crocodiles
  4 big kobolds
  8 bullfrogs
  An earth elemental (Elf:1)
  2 scorpions
  A blink frog simulacrum (Lair:2)
  A dream sheep simulacrum (Lair:2)
  4 killer bees (D:11)
  4 wights (D:7)
  A howler monkey (D:10)
  2 centaur zombies
  10 crimson imps
  2 quasits (D:11)
  3 jellies
  A hippogriff simulacrum (Lair:2)
  3 bullfrog zombies
  19 orc wizards
  Crazy Yiuf (D:4)
  24 orc priests
  2 bullfrog skeletons
  5 centaur skeletons
  An iguana (D:8)
  A yak simulacrum (Lair:2)
  8 worker ants
  6 hell rats
  A killer bee zombie (D:5)
  A bullfrog simulacrum (Lair:2)
  A hound skeleton (D:5)
  A porcupine simulacrum (Lair:2)
  A worker ant zombie (D:9)
  3 gnolls (D:9)
  A howler monkey skeleton (D:5)
  12 adders
  2 shadow imps
  An ooze (D:5)
  2 adder skeletons
  4 worms
  3 dart slugs
  A leopard gecko (D:5)
  92 orcs
  5 giant cockroaches
  9 goblins
  11 hobgoblins
  12 jackals
  A quokka (D:6)
  A ball python (D:1)
  A ball python skeleton (D:6)
  2 bats
  3 frilled lizards
  27 kobolds
  2 quokka skeletons
  A quokka zombie (D:6)
  8 rats
  2 fungi
  2 plants
770 creatures vanquished.

Vanquished Creatures (others)
  2 orc wizards
  An orc (D:8)
  10 fungi
  3 plants
16 creatures vanquished.

Grand Total: 786 creatures vanquished

Notes
Turn   | Place    | Note
-------+----------+-------------------------------------------
     0 | D:1      | Ethylacetat the Gargoyle Earth Elementalist began the quest
                  | for the Orb.
     0 | D:1      | Reached XP level 1. HP: 10/10 MP: 3/3
   293 | D:1      | Reached skill level 4 in Earth Magic
   466 | D:1      | Reached XP level 2. HP: 15/15 MP: 3/5
  1386 | D:1      | Reached XP level 3. HP: 19/19 MP: 3/6
  1571 | D:2      | Reached skill level 5 in Earth Magic
  1967 | D:2      | Reached XP level 4. HP: 24/24 MP: 6/8
  2156 | D:3      | Found a faded altar of an unknown god.
  3080 | D:4      | Noticed a sky beast
  3094 | D:4      | Killed a sky beast
  3094 | D:4      | Reached skill level 6 in Earth Magic
  3094 | D:4      | Reached XP level 5. HP: 8/28 MP: 0/10
  3433 | D:4      | Found a runed translucent door.
  3434 | D:4      | Noticed Crazy Yiuf
  3443 | D:4      | Learned a level 5 spell: Lee's Rapid Deconstruction
  3446 | D:4      | Killed Crazy Yiuf
  3446 | D:4      | Reached XP level 6. HP: 32/32 MP: 7/11
  3567 | D:4      | Found a blossoming altar of Fedhas.
  3727 | D:4      | Reached skill level 7 in Earth Magic
  4318 | D:5      | Entered Level 5 of the Dungeon
  4319 | D:5      | Noticed an ice beast
  4335 | D:5      | Killed an ice beast
  4541 | D:5      | Reached XP level 7. HP: 26/36 MP: 1/13
  4544 | D:5      | Reached skill level 8 in Earth Magic
  4731 | D:5      | Found a sparkling altar of Nemelex Xobeh.
  5344 | D:6      | Reached skill level 9 in Earth Magic
  5390 | D:6      | Reached XP level 8. HP: 23/41 MP: 3/15
  5597 | D:6      | Reached skill level 5 in Spellcasting
  5822 | D:6      | Got a heavily runed ring mail
  5833 | D:6      | Identified the +1 ring mail "Vaj Tefu" {rF+ MR+ Int-4} (You
                  | found it on level 6 of the Dungeon)
  5882 | D:6      | Found a staircase to the Ecumenical Temple.
  5919 | Temple   | Entered the Ecumenical Temple
  5958 | Temple   | Became a worshipper of Vehumet
  6165 | D:7      | Noticed a hippogriff
  6168 | D:7      | Killed a hippogriff
  6168 | D:7      | Reached skill level 10 in Earth Magic
  6471 | D:7      | Reached skill level 11 in Earth Magic
  6580 | D:6      | Reached XP level 9. HP: 26/45 MP: 0/18
  7259 | D:8      | Reached * piety under Vehumet
  7259 | D:8      | Offered knowledge of Magic Dart by Vehumet.
  7403 | D:8      | Noticed Psyche
  7405 | D:8      | Killed Psyche
  7405 | D:8      | Reached skill level 12 in Earth Magic
  7451 | D:8      | Noticed Pikel
  7483 | D:7      | Killed Pikel
  7657 | D:8      | Reached skill level 13 in Earth Magic
  7999 | D:8      | Found Ginkeeh's Gadget Shoppe.
  8022 | D:8      | Reached XP level 10. HP: 38/50 MP: 17/21
  8397 | D:9      | Noticed a cyclops
  8400 | D:9      | Killed a cyclops
  9258 | D:9      | Reached skill level 14 in Earth Magic
  9399 | D:10     | Entered Level 10 of the Dungeon
  9749 | D:10     | Reached ** piety under Vehumet
  9749 | D:10     | Offered knowledge of Throw Frost by Vehumet.
  9752 | D:10     | Noticed Josephine
  9782 | D:10     | Killed Josephine
  9932 | D:10     | Reached skill level 15 in Earth Magic
 10056 | D:10     | HP: 1/50 [wraith[Josephine] (5)]
 10270 | D:10     | Noticed an unseen horror
 10275 | D:10     | Killed an unseen horror
 10275 | D:10     | Reached XP level 11. HP: 48/54 MP: 9/24
 11126 | D:11     | Noticed a four-headed hydra
 11130 | D:11     | Killed a four-headed hydra
 11130 | D:11     | Reached skill level 16 in Earth Magic
 11608 | D:11     | Noticed a cyan ugly thing
 11625 | D:11     | Killed a cyan ugly thing
 11962 | D:11     | Found a staircase to the Lair.
 11990 | D:11     | Offered knowledge of Ignite Poison by Vehumet.
 12241 | D:11     | Reached *** piety under Vehumet
 12414 | D:11     | Learned a level 3 spell: Stone Arrow
 12936 | D:12     | Offered knowledge of Dazzling Spray by Vehumet.
 13097 | D:12     | Found a staircase to the Orcish Mines.
 13121 | D:12     | Reached skill level 10 in Spellcasting
 13125 | D:12     | Noticed an eight-headed hydra
 13252 | D:12     | Reached skill level 17 in Earth Magic
 13270 | D:12     | Killed an eight-headed hydra
 13428 | D:12     | Noticed a two-headed ogre
 13432 | D:12     | Killed a two-headed ogre
 13536 | D:12     | Reached XP level 12. HP: 59/59 MP: 11/26
 13653 | D:12     | Reached **** piety under Vehumet
 13683 | D:12     | Noticed a five-headed hydra
 13687 | D:12     | Killed a five-headed hydra
 13941 | D:12     | Offered knowledge of Mephitic Cloud by Vehumet.
 14149 | D:12     | Reached skill level 18 in Earth Magic
 14473 | D:13     | Found Irahak's Armour Shop.
 14506 | D:13     | Found Lenujya's Book Boutique.
 14552 | D:13     | Found Qaowaef's Food Shoppe.
 14593 | D:13     | Found a flickering gateway to a bazaar.
 14613 | Bazaar   | Entered a bazaar
 14621 | Bazaar   | Found Akiehumy's Food Boutique.
 14621 | Bazaar   | Found Luefunle's Armour Shop.
 14640 | Bazaar   | Found Ojaghoq's Armour Shop.
 14671 | Bazaar   | Found Xish's Magic Scroll Boutique.
 14676 | Bazaar   | Bought a scroll of remove curse for 27 gold pieces
 14676 | Bazaar   | Bought a scroll of blinking for 67 gold pieces
 14676 | Bazaar   | Bought a scroll of identify for 18 gold pieces
 14676 | Bazaar   | Bought a scroll of magic mapping for 31 gold pieces
 14676 | Bazaar   | Bought a scroll of fear for 31 gold pieces
 14676 | Bazaar   | Bought a scroll of silence for 67 gold pieces
 14676 | Bazaar   | Bought a scroll of remove curse for 27 gold pieces
 14676 | Bazaar   | Bought a scroll of identify for 18 gold pieces
 15585 | Lair:1   | Entered Level 1 of the Lair of Beasts
 15773 | Lair:1   | Reached ***** piety under Vehumet
 15780 | Lair:1   | Got a fine ring mail
 15791 | Lair:1   | Identified the +3 ring mail of Fedhas's Supremacy {rPois
                  | rF+ SInv} (You found it on level 1 of the Lair of Beasts)
 15835 | Lair:1   | Offered knowledge of Bolt of Draining by Vehumet.
 15841 | Lair:1   | Learned a level 4 spell: Petrify
 16078 | Lair:1   | Noticed a five-headed hydra
 16081 | Lair:1   | Killed a five-headed hydra
 16081 | Lair:1   | Reached skill level 19 in Earth Magic
 16267 | Lair:1   | Noticed Sonja
 16276 | Lair:1   | Killed Sonja
 16276 | Lair:1   | Reached XP level 13. HP: 51/63 MP: 17/28
 16893 | Lair:2   | Noticed Weugil's ghost (journeyman HaBe)
 16993 | Lair:2   | Found a staircase to the Shoals.
 17319 | Lair:2   | Found a runed translucent gate.
 17320 | Lair:2   | Found a runed translucent gate.
 17320 | Lair:2   | Found a runed translucent gate.
 17979 | Lair:3   | Reached skill level 20 in Earth Magic
 19322 | Lair:4   | Offered knowledge of Bolt of Cold by Vehumet.
 19746 | Lair:4   | Found a hole to the Spider Nest.
 20341 | Lair:4   | Got a warped robe
 20352 | Lair:4   | Identified the cursed +0 robe of the Swamp {rC+} (You found
                  | it on level 4 of the Lair of Beasts)
 20888 | Lair:5   | Reached skill level 21 in Earth Magic
 20892 | Lair:5   | Gained mutation: Your large and strong wings let you fly
                  | indefinitely. [Gargoyle growth]
 20892 | Lair:5   | Reached XP level 14. HP: 41/68 MP: 12/30
 21794 | Lair:5   | Found a viscous altar of Jiyva.
 21794 | Lair:5   | Found a staircase to the Slime Pits.
 22031 | Lair:6   | Entered Level 6 of the Lair of Beasts
 23677 | Lair:6   | Reached skill level 22 in Earth Magic
 23692 | Lair:6   | Got a brightly glowing chain mail
 23703 | Lair:6   | Identified the cursed +1 chain mail of Rahyize {rF+ Dex+5}
                  | (You found it on level 6 of the Lair of Beasts)
 25481 | Orc:1    | Entered Level 1 of the Orcish Mines
 25482 | Orc:1    | Found Esebbena's Distillery.
 25489 | Orc:1    | Bought a potion of mutation for 128 gold pieces
 25489 | Orc:1    | Bought a potion of flight for 48 gold pieces
 25502 | Orc:1    | Found a roughly hewn altar of Beogh.
 25532 | Orc:1    | Found a roughly hewn altar of Beogh.
 25600 | Orc:1    | Reached skill level 1 in Shields
 25785 | Orc:1    | Offered knowledge of Ozocubu's Refrigeration by Vehumet.
 25786 | Orc:1    | Reached skill level 1 in Conjurations
 25847 | Orc:1    | Noticed Maurice
 25849 | Orc:1    | Killed Maurice
 26303 | Orc:2    | Entered Level 2 of the Orcish Mines
 27088 | Orc:2    | Found a staircase to the Elven Halls.
 27299 | Orc:2    | Noticed an orc warlord
 27607 | Orc:2    | Reached XP level 15. HP: 72/72 MP: 21/32
 29695 | Orc:2    | Found Zywn's General Store.
 29696 | Orc:2    | Found Qoyrhygo's Book Boutique.
 29697 | Orc:2    | Found Diur's Antique Armour Boutique.
 29697 | Orc:2    | Found Miaroych's Antique Weapon Shop.
 29712 | Orc:2    | Bought a book of the Tempests for 980 gold pieces
 29742 | Orc:2    | Learned a level 9 spell: Shatter
 29994 | Orc:2    | Noticed an orc warlord
 29995 | Orc:2    | Offered knowledge of Bolt of Magma by Vehumet.
 29996 | Orc:2    | Killed an orc warlord
 30288 | Orc:2    | Killed an orc warlord
 30766 | D:14     | Reached skill level 23 in Earth Magic
 31005 | D:14     | Found a gate to the Vaults.
 31483 | D:15     | Entered Level 15 of the Dungeon
 31804 | D:15     | Noticed a frost giant
 31805 | D:15     | Found a staircase to the Depths.
 31806 | D:15     | Killed a frost giant
 32584 | D:15     | Reached XP level 16. HP: 62/76 MP: 24/34
 32600 | D:15     | Learned a level 5 spell: Bolt of Magma
 32950 | Elf:1    | Entered Level 1 of the Elven Halls
 32952 | Elf:1    | Reached skill level 24 in Earth Magic
 34120 | Elf:1    | Found Emoleh's General Store.
 34915 | Elf:2    | Found Esittu's Antique Armour Shoppe.
 34919 | Elf:2    | Reached skill level 15 in Spellcasting
 34927 | Elf:2    | Offered knowledge of Freezing Cloud by Vehumet.
 35075 | Elf:2    | Found a huge runed translucent gate.
 35075 | Elf:2    | Found a huge runed translucent gate.
 35075 | Elf:2    | Found a huge runed translucent gate.
 35075 | Elf:2    | Found a huge runed translucent gate.
 35079 | Elf:2    | Found a huge runed translucent gate.
 35323 | Elf:2    | Found Othoz's Jewellery Emporium.
 35323 | Elf:2    | Found Yparueps's Gadget Boutique.
 35324 | Elf:2    | Found Izaugy's Gadget Boutique.
 35533 | Elf:2    | HP: 3/76 [deep elf knight/+1 scimitar of slicing (16)]
 35533 | Elf:2    | Slain by a deep elf knight

Levels and vault maps discovered:
D:1:      co_arrival_random_square_maze, layout_basic
D:2:      layout_rooms, first_ration, minmay_tromino_i4
D:3:      layout_basic, chequers_ecumenical_altar_simple_redux,
          hangedman_glass_teeth
D:4:      layout_layer_cave, fedhas_altar_4, uniq_crazy_yiuf_cottage
D:5:      layout_basic, nemelex_xobeh_ov_fountains_minmay
D:6:      layout_loops_corners, minmay_temple_entry_hall, minivault_5
D:7:      layout_rooms
D:8:      layout_loops_ring, serial_shops, nicolae_shop_crystal, uniq_pikel,
          uniq_psyche
D:9:      layout_grid_maze
D:10:     layout_loops_ring, uniq_josephine
D:11:     layout_stronghold, david_lair_generic
D:12:     layout_irregular_city, erik_orc_3
D:13:     layout_roguey, serial_shops, bzr_entry_gold, shop_statue,
          shop_fountains, kennysheep_mini, hangedman_stone_soup
D:14:     layout_irregular_city, david_vaults_2, minivault_25_ag
D:15:     grunt_enter_depths_snipers, layout_basic, minmay_misc_feat_alley
Temple:   nicolae_temple_the_god_donut
Lair:1:   layout_layer_cave, hangedman_lair_generics_rect, grunt_megastairs_4,
          serial_bayou_shore_b, infiniplex_staircase_pool_2, uniq_sonja
Lair:2:   layout_small_grid, elwin_shoals_entry_rocks, gammafunk_ghost_icy,
          serial_bayou_shore_a
Lair:3:   layout_hall_layers
Lair:4:   layout_regular_city, dummy_spider_entry,
          chequers_serial_rivers_micro_e, minmay_lair_oklob_chamber,
          grunt_megastairs_2
Lair:5:   layout_misc_corridors, slime_altar_1
Lair:6:   minmay_lair_end_enchanted_forest, layout_hall_layers
Orc:1:    layout_caves, basic_altar, serial_shops, shop, mines2_david,
          uniq_maurice
Orc:2:    st_orc_congregation, layout_diamond_mine
Elf:1:    elf_arrival_002, layout_loops_cross, serial_shops, shop,
          hangedman_elf_disciples
Elf:2:    layout_loops_ring, serial_shops, nicolae_shop_overgrown_old_shop,
          minmay_shop_grove
